 Dungeon Crawl Stone Soup version 0.21.1-1-g345015fe64 (webtiles) character file.

315 Hopiakuusi the Ducker (level 6, -15/62 HPs)
             Began as a Troll Berserker on Mar 2, 2018.
             Was a Believer of Trog.
             Demolished by an ogre
             ... wielding a +0 giant club
              (23 damage)
             ... on level 4 of the Dungeon.
             The game lasted 00:13:56 (1953 turns).

Hopiakuusi the Ducker (Troll Berserker)             Turns: 1953, Time: 00:13:57

Health: -15/62     AC:  5    Str: 26    XL:     6   Next: 20%
Magic:  5/5        EV: 11    Int:  3    God:    Trog [**....]
Gold:   148        SH:  0    Dex: 11    Spells: 5/5 levels left

rFire    . . .     SeeInvis .   e - +1 dagger (protect)
rCold    . . .     Gourm    +   (no shield)
rNeg     . . .     Faith    .   r - +0 robe
rPois    .         Spirit   .   (helmet restricted)
rElec    .         Reflect  .   (no cloak)
rCorr    .         Harm     .   (gloves unavailable)
MR       .....                  (boots unavailable)
Stlth    +.........             (no amulet)
HPRegen  0.60/turn              (no ring)
MPRegen  0.09/turn              (no ring)

@: no status effects
A: large, unfitting armour, claws 3, fast metabolism 3, gourmand, regeneration
1, shaggy fur 1, tough skin 2
a: Berserk, Trog's Hand, Burn Spellbooks, Renounce Religion


You were on level 4 of the Dungeon.
You worshipped Trog.
Trog was pleased with you.
You were completely stuffed.

You visited 1 branch of the dungeon, and saw 4 of its levels.

You collected 148 gold pieces.

Inventory:

Hand Weapons
 a - a +0 mace
 e - a +1 dagger of protection (weapon)
Armour
 b - a +0 animal skin
 r - a +0 robe (worn)
Scrolls
 d - a scroll of amnesia {unknown}
 i - 5 scrolls of teleportation {unknown}
 j - a scroll of fear {unknown}
 k - a scroll of enchant armour {unknown}
 l - a scroll of noise {unknown}
 n - 2 scrolls of remove curse {unknown}
 o - 3 scrolls of identify {unknown}
Potions
 f - a potion of degeneration {unknown}
 g - a potion of invisibility {unknown}
 h - a potion of haste {unknown}
 m - a potion of magic {unknown}
 p - a potion of berserk rage {unknown}
 q - a potion of resistance {unknown}
 s - a potion of heal wounds {unknown}
Comestibles
 c - 6 rations
 t - 7 chunks of flesh


   Skills:
 + Level 3.7 Fighting
 + Level 3.1 Maces & Flails
 + Level 4.7 Dodging
 - Level 0.2 Stealth


You had 5 spell levels left.
You didn't know any spells.

Dungeon Overview and Level Annotations

Branches:
Dungeon (4/15)
 Temple: D:4-7

Altars:
Cheibriados
Hepliaklqana
Sif Muna
Yredelemnul

Annotations:
D:3 Sigmund


Innate Abilities, Weirdness & Mutations

You are too large for most types of armour.
You have claws for hands.
Your metabolism is lightning-fast.
You like to eat raw meat.
Your natural rate of healing is unusually fast.
You are covered in fur. (AC +1)
You have very tough skin. (AC +2)


Message History

The ogre hits you with a giant club!
You barely miss the ogre.
The ogre is moderately wounded.
The ogre barely misses you.
You hit the ogre.
The ogre is heavily wounded.
The ogre hits you with a giant club!!
You are too injured to fight recklessly!
You hit the ogre.
The ogre is heavily wounded.
You hit the ogre but do no damage.
The ogre is heavily wounded.
The ogre closely misses you.
You hit the ogre.
The ogre is severely wounded.
The ogre hits you with a giant club!!
* * * LOW HITPOINT WARNING * * *
There is a stone staircase leading up here.
The ogre hits you with a giant club!!
You die...

##### #######
##.@.########.....#
##..O..##..........#
##...<...#.##.......#
#..[.......##.#.....#
#.............#.....#
#....#.....#####..####
#.........#.#####.....#
#.##.....##.......###.#
#. #....########### #.#


You could see an ogre.

Vanquished Creatures
  The ghost of Tilo the Firebug, an amateur DEFE (D:4)
  An orc wizard (D:3)
  3 gnolls (D:3)
  3 adders
  2 dart slugs
  2 leopard geckos (D:2)
  5 orcs
  A giant cockroach (D:1)
  4 goblins
  11 hobgoblins
  4 jackals (D:2)
  A quokka (D:2)
  4 ball pythons
  6 bats
  7 frilled lizards
  6 kobolds
  4 rats (D:1)
65 creatures vanquished.

Notes
Turn   | Place    | Note
-------+----------+-------------------------------------------
     0 | D:1      | Hopiakuusi the Troll Berserker began the quest for the Orb.
     0 | D:1      | Reached XP level 1. HP: 22/22 MP: 0/0
   321 | D:1      | Reached XP level 2. HP: 29/29 MP: 1/1
   988 | D:2      | Reached ** piety under Trog
  1001 | D:2      | Reached XP level 3. HP: 36/36 MP: 2/2
  1020 | D:2      | Reached skill level 3 in Dodging
  1333 | D:2      | Found a deep blue altar of Sif Muna.
  1333 | D:2      | Found a snail-covered altar of Cheibriados.
  1342 | D:2      | Found a hazy altar of Hepliaklqana.
  1366 | D:2      | Reached XP level 4. HP: 45/45 MP: 3/3
  1642 | D:3      | Found a basalt altar of Yredelemnul.
  1806 | D:3      | Reached XP level 5. HP: 38/53 MP: 4/4
  1839 | D:3      | Noticed Sigmund
  1846 | D:4      | Noticed Tilo's ghost (amateur DEFE)
  1904 | D:4      | Killed Tilo's ghost
  1904 | D:4      | Reached skill level 4 in Dodging
  1904 | D:4      | Reached XP level 6. HP: 61/62 MP: 5/5
  1953 | D:4      | Demolished by an ogre

Skill      XL: |  1  2  3  4  5 |
---------------+----------------+-----
Maces & Flails | 3 |  3.1
Dodging        | 3 4 |  4.7
Fighting       | 3 |  3.7
Stealth        | |  0.2

Action                   |  1- 3 |  4- 6 || total
-------------------------+-------+-------++-------
Melee: Dagger            |   187 |   196 ||   383
  Eat: Chunk             |    18 |     6 ||    24
Armor: Animal skin       |    92 |    27 ||   119
       Robe              |       |    55 ||    55
Dodge: Dodged            |   119 |    78 ||   197
